AoeStats
← DonJuan14

Fortress

507654479Analyzed
4v4 RM · 14d ago on Sep 19, 2026· 22m 32s· 8 players
Game mode
Random Map
Map size
Huge
Population
200
Speed
Normal
Resources
Standard
Victory
Conquest
Starting age
Dark Age
Ending age
Imperial Age
RankedLock teamsTeams togetherTeam positionsShared explorationLock speedFull tech treeHidden civsTurbo modeCheats
Victory
Defeat
🇵🇪 Japanese · Peru
950
+13
🇦🇷 Huns · Argentina
940
+13
🇩🇪 Teutons · Germany
932
+13
🇩🇪 Huns · Germany
931
+30
🇨🇳 Hindustanis · China
898
-13
🇵🇪 Byzantines · Peru
891
-14
🇨🇦 Japanese · Canada
863
-13
🇨🇳 Celts · China
844
-12
V snacks
1:08 Loom
7:41 Feudal Age
8:46 Town Watch
10:37 Wheelbarrow
10:03 Horse Collar
12:57 Double-Bit Axe
15:46 Castle Age
15:41 Scale Mail Armor
15:52 Forging
15:33 Fletching
17:43 Coinage
17:24 Stone Mining
19:13 Bodkin Arrow
19:39 Caravan
21:02 Hand Cart
El Último Rey
8:48 Feudal Age
9:19 Double-Bit Axe
9:17 Horse Collar
15:14 Castle Age
13:43 Gold Mining
16:03 Stone Mining
Nick76Luo
6:50 Feudal Age
11:44 Castle Age
10:57 Double-Bit Axe
11:02 Horse Collar
11:47 Stone Mining
12:57 Bow Saw
15:36 Heavy Plow
15:58 Gold Mining
18:06 Gold Shaft Mining
19:42 Wheelbarrow
18:57 Town Watch
20:04 Stone Shaft Mining
20:49 Loom
21:29 Hand Cart
MaChi
7:21 Feudal Age
10:52 Loom
13:30 Castle Age
12:48 Double-Bit Axe
12:46 Horse Collar
15:46 Bow Saw
20:11 Wheelbarrow
19:40 Heavy Plow
21:32 Scale Barding Armor
21:37 Forging
22:26 Hand Cart
Causa rellena
12:21 Feudal Age
12:48 Double-Bit Axe
14:49 Stone Mining
14:51 Gold Mining
17:48 Castle Age
15:32 Horse Collar
16:12 Scale Mail Armor
18:21 Forging
18:57 Bow Saw
19:28 Wheelbarrow
19:33 Gold Shaft Mining
18:48 Gambesons
19:56 Loom
21:14 Iron Casting
DonJuan14
1:22 Loom
11:45 Feudal Age
15:57 Double-Bit Axe
15:59 Horse Collar
18:35 Castle Age
16:29 Gold Mining
17:39 Stone Mining
21:59 Wheelbarrow
21:10 Town Watch
21:58 Bow Saw
21:52 Heavy Plow
23:00 Gold Shaft Mining
Sipsip
7:28 Feudal Age
9:31 Double-Bit Axe
14:36 Castle Age
12:22 Loom
17:03 Bow Saw
18:19 Wheelbarrow
17:29 Town Watch
22:11 Forging
John G
10:02 Feudal Age
13:22 Castle Age
11:24 Gold Mining
11:30 Double-Bit Axe
12:39 Horse Collar
13:35 Scale Barding Armor
13:45 Bloodlines
15:50 Wheelbarrow
18:45 Chain Barding Armor
21:01 Hand Cart
21:44 Forging
Connection lost

Rejoining the realm…

Still unreachable

The connection could not be restored.

Session expired

The server has moved on; the page needs a fresh start.